 Dungeon Crawl Stone Soup version 0.28-b1-25-g9875b3fc8c (webtiles) character file.

Game seed: 1876216800183742813

177 inmateoo the Chopper (level 5, -2/61 HPs)
             Began as a Demonspawn Berserker on Feb 5, 2022.
             Was a Believer of Trog.
             Slain by Pikel (3 damage)
             ... on level 2 of the Dungeon.
             The game lasted 00:05:14 (4188 turns).

inmateoo the Chopper (Demonspawn Berserker)         Turns: 4188, Time: 00:05:15

Health: -2/61      AC:  6    Str: 20    XL:     5   Next: 30%
Magic:  5/5        EV: 12    Int:  8    God:    Trog [**....]
Gold:   99         SH:  0    Dex: 12    Spells: 4/4 levels left

rFire   + . .      SeeInvis .   a - +0 hand axe
rCold   . . .      Faith    .   (no shield)
rNeg    . . .      Spirit   .   i - +0 leather armour
rPois   .          Reflect  .   (no helmet)
rElec   .          Harm     .   (no cloak)
rCorr   .          Rampage  .   (no gloves)
Will    .....                   (no boots)
Stlth   ..........              (no amulet)
HPRegen 0.20/turn               e - ring of protection from fire
MPRegen 0.09/turn               (no ring)

@: berserking (expiring), very quick
A: slimy green scales 2
a: Renounce Religion, Berserk, Trog's Hand


You were on level 2 of the Dungeon.
You worshipped Trog.
Trog was pleased with you.
You visited 1 branch of the dungeon, and saw 4 of its levels.

You collected 99 gold pieces.

Inventory:

Hand Weapons
 a - a +0 hand axe (weapon)
Missiles
 o - 2 throwing nets (quivered)
Armour
 i - a +0 leather armour (worn)
Jewellery
 d - a ring of fire
 e - a ring of protection from fire (left hand)
Wands
 j - a wand of charming (11)
Scrolls
 k - a scroll of magic mapping
Potions
 b - a potion of mutation {unknown}
 f - 2 potions of brilliance {unknown}
 g - a potion of curing
 h - a potion of might {unknown}
 l - a potion of ambrosia {unknown}
 n - a potion of magic


   Skills:
 + Level 3.4 Fighting
 * Level 5.0 Axes
 + Level 1.9 Armour
 + Level 2.1 Dodging
 + Level 0.1 Stealth


You had 4 spell levels left.
You didn't know any spells.
Your spell library was empty.

Dungeon Overview and Level Annotations

Branches:
Dungeon (4/15)
 Temple: D:4-7

Altars:

Shops:
D:1 (

Annotations:
D:2 Pikel


Innate Abilities, Weirdness & Mutations

You are mostly covered in slimy green scales. (AC +3)


Message History

There is a stone staircase leading down here.
A red film seems to cover your vision as you go berserk!
You feel yourself moving faster!
You feel mighty! Pikel closely misses you.
You slash Pikel!
Pikel is moderately wounded.
Pikel hits you with a +0 whip of electrocution.
You closely miss Pikel.
Pikel is moderately wounded.
Pikel hits you with a +0 whip of electrocution.
You are electrocuted!
* * * LOW HITPOINT WARNING * * *
You barely miss Pikel.
Pikel is moderately wounded.
You barely miss Pikel.
Pikel is moderately wounded.
Pikel hits you but does no damage.
You barely miss Pikel.
Pikel is moderately wounded.
Pikel closely misses you.
You closely miss Pikel.
Pikel is moderately wounded.
Pikel hits you with a +0 whip of electrocution.
* * * LOW HITPOINT WARNING * * *
You are electrocuted!
* * * LOW HITPOINT WARNING * * *
You slash Pikel!
Pikel is heavily wounded.
You slash Pikel! Your punch misses Pikel.
Pikel is severely wounded.
Pikel hits you with a +0 whip of electrocution.
* * * LOW HITPOINT WARNING * * *
You barely miss Pikel.
Pikel is severely wounded.
Pikel closely misses you.
You hit Pikel but do no damage.
Pikel is severely wounded.
You slash Pikel!
Pikel is almost dead.
Pikel hits you with a +0 whip of electrocution.
You die...

###### #....# #....########
............#############
...............K@.<.....#
#....######.##....#####.#######
......#......+....'.# #.......#
......#.###.##....#.# #######.#
#.....#'###.##....#.# #.#
...÷.........#....#.# #.#
.##'#.....(..#....#.# #.#
.##.#÷.......#....#.# #.#
.##.#.#+####......#.# #.#


You could see Pikel.

Vanquished Creatures
  A lemure (D:3)
  A centaur zombie (D:3)
  2 adders (D:2)
  4 gnolls (D:3)
  An adder skeleton (D:4)
  3 worms
  3 dart slugs
  An orc (D:4)
  4 ball pythons (D:2)
  5 endoplasms
  2 giant cockroaches
  10 hobgoblins
  3 quokkas
  8 bats
  6 frilled lizards
  4 goblins
  6 kobolds
  6 rats
70 creatures vanquished.

Notes
Turn   | Place    | Note
-------+----------+-------------------------------------------
     0 | D:1      | inmateoo the Demonspawn Berserker began the quest for the
                  | Orb.
     0 | D:1      | Reached XP level 1. HP: 18/18 MP: 1/1
   312 | D:1      | Reached skill level 3 in Axes
   356 | D:1      | Gained mutation: You are partially covered in slimy green
                  | scales. (AC +2) [demonic ancestry]
   356 | D:1      | Reached XP level 2. HP: 15/24 MP: 2/2
   535 | D:1      | Found Yvvasagyw's Antique Weapon Boutique.
  1311 | D:2      | Gained mutation: You are mostly covered in slimy green
                  | scales. (AC +3) [demonic ancestry]
  1311 | D:2      | Reached XP level 3. HP: 10/29 MP: 3/3
  1990 | D:2      | Reached ** piety under Trog
  2562 | D:2      | Reached skill level 4 in Axes
  2798 | D:2      | Reached XP level 4. HP: 29/35 MP: 4/4
  3545 | D:3      | Reached XP level 5. HP: 41/41 MP: 5/5
  3629 | D:3      | Noticed a black bear
  3733 | D:3      | Reached skill level 5 in Axes
  3831 | D:4      | Noticed Pikel
  3833 | D:4      | Noticed a lemure
  3835 | D:4      | Noticed a lemure
  3835 | D:4      | Noticed a lemure
  3856 | D:3      | Killed a lemure
  4185 | D:2      | HP: 1/61 [Pikel (5)]
  4188 | D:2      | Slain by Pikel

Illustrated notes

Levels and vault maps discovered:
D:1:      minmay_arrival_shattered_statue, layout_basic, serial_shops, shop
D:2:      layout_basic, kennysheep_generic_room_4
D:3:      layout_loops_ring, nrook_mini_vaults, minmay_tree_intersection,
          lightli_corner_chamber
D:4:      layout_basic, serial_shops, nicolae_shop_stone,
          minmay_misc_feat_plants, kennysheep_cross_bottleneck,
          minmay_shop_enchanted_jewellery, grunt_ministairs_7, uniq_edmund,
          uniq_natasha, uniq_pikel

Skill      XL: |  1  2  3  4  5 |
---------------+----------------+-----
Axes           | 3 4 5 |  5.0
Dodging        | 2 |  2.1
Fighting       | |  3.4
Armour         | |  1.9
Stealth        | |  0.1

Action                   |  1- 3 |  4- 6 || total
-------------------------+-------+-------++-------
Melee: Hand axe          |   182 |    86 ||   268
       Punch             |       |     1 ||     1
Invok: Berserk           |       |     4 ||     4
  Use: Scroll            |     5 |     3 ||     8
 Stab: Sleeping          |       |     1 ||     1
Armor: Animal skin       |    38 |       ||    38
       Leather armour    |    37 |    24 ||    61
Dodge: Dodged            |   159 |    63 ||   222
